 Dungeon Crawl Stone Soup version 0.29.1-15-g9cfb28693d (webtiles) character file.

Game seed: 1407609237816590681

130 TehGamerNoob the Trooper (level 4, -3/40 HPs)
             Began as a Draconian Berserker on Feb 21, 2023.
             Was a Believer of Trog.
             Splashed by a jelly's acid (10 damage)
             ... in a sewer.
             The game lasted 00:05:47 (3366 turns).

TehGamerNoob the Trooper (Draconian Berserker)      Turns: 3366, Time: 00:05:48

Health: -3/40      AC: -6    Str: 21    XL:     4   Next: 90%
Magic:  4/4        EV: 12    Int:  8    God:    Trog [**....]
Gold:   112        SH:  0    Dex: 10    Spells: 3/3 levels left

rFire   . . .      SeeInvis .   a - +1 short sword
rCold   + . .      Faith    .   (no shield)
rNeg    . . .      Spirit   .   (body armour unavailable)
rPois   .          Reflect  .   (helmet restricted)
rElec   .          Harm     .   (no cloak)
rCorr   .          Rampage  .   l - +0 pair of gloves
Will    .....                   (no boots)
Stlth   +.........              (no amulet)
HPRegen 0.13/turn               j - ring of protection from cold
MPRegen 0.09/turn               (no ring)

@: confused, ambrosia-drunk, corroded
A: AC +5, unfitting armour, cold-blooded
a: Renounce Religion, Berserk, Trog's Hand


You were in a sewer.
You worshipped Trog.
Trog was pleased with you.
You visited 1 branch of the dungeon, and saw 3 of its levels.
You also visited: Sewer.

You collected 112 gold pieces.

Inventory:

Hand Weapons
 a - a +1 short sword (weapon)
Armour
 l - a +0 pair of gloves (worn)
Jewellery
 j - a ring of protection from cold (left hand)
Scrolls
 b - 3 scrolls of enchant weapon
 c - 5 scrolls of identify
 d - a scroll of vulnerability
 h - 2 scrolls of teleportation
Potions
 e - a potion of might {unknown}
 f - 2 potions of ambrosia
 i - a potion of flight {unknown}
 m - a potion of lignification {unknown}


   Skills:
 + Level 4.2 Fighting
 + Level 4.0 Short Blades
 + Level 3.7 Dodging
 + Level 1.0 Stealth


You had 3 spell levels left.
You didn't know any spells.
Your spell library was empty.

Dungeon Overview and Level Annotations

Branches:
Dungeon (3/15)              Sewer (1/1)

Altars:
Hepliaklqana


Innate Abilities, Weirdness & Mutations

Your plain brown scales are hard. (AC +5)
You cannot fit into any form of body armour.
You are cold-blooded and may be slowed by cold attacks.


Message History

You enter the shallow water.
Moving in this stuff is going to be slow.
You enter the shallow water.
Moving in this stuff is going to be slow.
A jelly comes into view.
Found a grey potion and a puce potion.
The jelly quivers.
The jelly hits you but does no damage.
You barely miss the jelly. The jelly hits you but does no damage.
You hit the jelly.
Your hands burn!
The jelly is moderately wounded.
The jelly attacks as you move away! The jelly hits you but does no damage.
You enter the shallow water.
Moving in this stuff is going to be slow.
The jelly attacks as you move away! The jelly barely misses you.
The jelly hits you but does no damage.
You hit the jelly but do no damage. The acid corrodes you!
Your hands burn!
You tail-slap the jelly.
The jelly is moderately wounded.
The jelly hits you.
You are splashed with acid!
You hit the jelly but do no damage.
Your hands burn!
The jelly is moderately wounded.
The jelly barely misses you.
You hit the jelly.
Your hands burn!
You tail-slap the jelly, but do no damage.
The jelly is heavily wounded.
The jelly closely misses you.
You hit the jelly but do no damage. The acid corrodes you!
Your hands burn!
The jelly is heavily wounded.
The jelly hits you. The acid corrodes you!
You are splashed with acid!
* * * LOW HITPOINT WARNING * * *
You hit the jelly but do no damage.
Your hands burn!
* * * LOW HITPOINT WARNING * * *
The jelly is heavily wounded.
The jelly barely misses you.
You are confused.
You feel invigorated. The jelly hits you.
* * * LOW HITPOINT WARNING * * *
You are splashed with acid!
You die...

#.†# #..# #~.# #..#
#~.# #..# #..####..#
#..# #.~..~†~†# #~.#
#~..~~~.~# #††#
########## #~~# #####
##.~# ##~..## #...#
#@J~..# ##..##
#..#~~.####...#
####~.##!!##~.~.~#
##~~...~####~.~..##
####.~......##.÷~~###
##~...~.###~~~~~÷.##
#...~~.##.##.~~.~##
~...##~.#...##~...#
..~ #..##.~.~....##


You could see a jelly.

Vanquished Creatures
  4 adders
  A river rat (Sewer)
  2 worms
  A dart slug (D:2)
  10 ball pythons
  7 endoplasms
  9 giant cockroaches
  3 goblins (D:1)
  6 hobgoblins
  4 jackals (D:1)
  3 kobolds (D:1)
  4 quokkas
  4 bats (D:1)
  5 frilled lizards
  10 rats
73 creatures vanquished.

Notes
Turn   | Place    | Note
-------+----------+-------------------------------------------
     0 | D:1      | TehGamerNoob the Draconian Berserker began the quest for
                  | the Orb.
     0 | D:1      | Reached XP level 1. HP: 19/19 MP: 1/1
   351 | D:1      | Reached XP level 2. HP: 15/26 MP: 2/2
   954 | D:1      | Reached XP level 3. HP: 11/33 MP: 3/3
  1201 | D:1      | Reached ** piety under Trog
  2332 | D:2      | Found a hazy altar of Hepliaklqana.
  2432 | D:2      | Found a faded altar of an unknown god.
  2581 | D:3      | Reached XP level 4. HP: 40/40 MP: 4/4
  2765 | D:3      | Found a glowing drain.
  2790 | Sewer    | Entered a sewer
  3109 | Sewer    | Reached skill level 1 in Stealth
  3366 | Sewer    | Splashed by a jelly's acid

Illustrated notes

Levels and vault maps discovered:
D:1:      dpeg_arrival_rhombi, layout_basic, minmay_misc_feat_encased,
          minmay_pentomino_w4
D:2:      layout_rooms, basic_altar, basic_ecumenical_altar
D:3:      layout_loops_cross, portal_sewer_entry_b,
          minmay_misc_feat_more_columns, roderic_roman_lattice
Sewer:    sewer_hellmonk_slimy_pipes

Skill      XL: |  1  2  3  4 |
---------------+-------------+-----
Dodging        | 3 |  3.7
Fighting       | 4 |  4.2
Stealth        | 1 |  1.0
Short Blades   | 4 |  4.0

Action                   |  1- 3 |  4- 6 || total
-------------------------+-------+-------++-------
Melee: Short sword       |   200 |   131 ||   331
       Tailslap          |    20 |    12 ||    32
       Punch             |     2 |     1 ||     3
  Use: Scroll            |     6 |     3 ||     9
       Potion            |       |     1 ||     1
 Stab: Sleeping          |       |     1 ||     1
Armor: Skin              |    86 |    59 ||   145
Dodge: Dodged            |   146 |   114 ||   260
